 Dungeon Crawl Stone Soup version 0.19-a0-1740-g0bcaf2e (webtiles) character file.

34048 4thArraOfDagon the Brawler (level 13, -9/140 HPs)
             Began as a Troll Monk on Oct 2, 2016.
             Was a Priest of Cheibriados.
             Killed from afar by Aizul (35 damage)
             ... with a bolt of poison
             ... on level 3 of the Elven Halls.
             The game lasted 00:30:37 (5141 turns).

4thArraOfDagon the Brawler (Troll Monk)             Turns: 5141, Time: 00:30:38

Health: -9/140     AC: 13    Str: 30    XL:     13   Next: 40%
Magic:  13/18      EV: 15    Int: 18    God:    Cheibriados [***...]
Gold:   220        SH: 21    Dex: 20    Spells: 2 memorised, 8 levels left

rFire  + . .     SeeInvis +       - Unarmed
rCold  + . .     Gourm    +     f - +2 robe {rF+}
rNeg   . . .     Faith    .     y - +2 large shield {rC+}
rPois  .         Spirit   .     (helmet restricted)
rElec  .         Dismiss  .     r - +2 cloak {+Inv}
rCorr  .         Reflect  .     (gloves unavailable)
MR     .....     Harm     .     (boots unavailable)
Stlth  +.........               (no amulet)
                                z - ring of see invisible
                                o - ring of loudness (curse)

@: lethally poisoned (-9 -> -21), very slow
A: unfitting armour, beak, claws 3, repulsion field 1, icy blue scales 1, rugged
brown scales 1, fast metabolism 3, gourmand, regeneration 1, robust 1, shaggy
fur 1, tough skin 2, evolution 1
a: Bend Time, Temporal Distortion, Renounce Religion, Evoke Invisibility


You were on level 3 of the Elven Halls.
You worshipped Cheibriados.
Cheibriados was most pleased with you.
You were very full.

You visited 4 branches of the dungeon, and saw 17 of its levels.
You visited the Abyss 1 time.

You collected 1109 gold pieces.
You spent 889 gold pieces at shops.

Inventory:

Hand Weapons
 c - a +0 giant spiked club
Armour
 a - a +0 robe
 e - a +2 robe
 f - a +2 robe of fire resistance (worn)
 r - a +2 cloak of invisibility (worn)
 s - a +1 robe of positive energy
 y - a +2 large shield of cold resistance (worn)
Magical Staves
 x - a cursed staff of summoning {unknown}
Jewellery
 i - an uncursed amulet of dismissal
 o - a cursed ring of loudness (left claw)
 z - a ring of see invisible (right claw)
Wands
 d - a wand of polymorph (8/24)
 g - a wand of slowing (17/48)
 n - a wand of teleportation (2/9)
 t - a wand of confusion (28/48)
 u - a wand of random effects (18/48)
 w - a wand of slowing (19/48)
 B - a wand of teleportation (5/9)
 E - a wand of iceblast (0/15)
 H - a wand of flame (8/48)
Scrolls
 l - a scroll of amnesia
 m - 2 scrolls of remove curse
 F - a scroll of teleportation
 G - a scroll of immolation
Potions
 j - a potion of cancellation {unknown}
 k - a potion of magic {unknown}
 p - 8 potions of curing
 q - 2 potions of brilliance {unknown}
 v - 3 potions of cure mutation
 A - a potion of might
 C - a potion of agility
 D - a potion of ambrosia
Miscellaneous
 I - a phial of floods
Comestibles
 b - 6 bread rations
 h - 3 meat rations


   Skills:
 - Level 7.1 Fighting
 - Level 7.0 Dodging
 - Level 1.1 Stealth
 * Level 8.6 Shields
 - Level 15.0 Unarmed Combat
 - Level 8.3 Invocations


You had 8 spell levels left.
You knew the following spells:

 Your Spells              Type           Power        Failure   Level  Hunger
a - Blink                 Tloc           N/A          95%         2    ###....
b - Repel Missiles        Chrm/Air       #.....       95%         2    ###....


Dungeon Overview and Level Annotations

Branches:
Dungeon (11/15)            Temple (1/1) D:5            Lair (0/6) D:10
    Orc (2/2) D:10            Elf (3/3) Orc:2

Altars:
Ashenzari
Cheibriados
Dithmenos
Elyvilon
Fedhas
Hepliaklqana
Makhleb
Nemelex Xobeh
Okawaru
Ru
Sif Muna
Trog
Uskayaw
Vehumet
Xom
Yredelemnul
Zin
The Shining One
Beogh

Shops:
D:4 [%%   D:6 %   D:7 :   D:9 }   D:10 %   Orc:1 (   Orc:2 (:![

Annotations:
D:4 2 exclusions
D:7 Prince Ribbit
D:11 Josephine; kae's ghost, journeyman FoFi
Elf:3 Aizul


Innate Abilities, Weirdness & Mutations

You are too large for most types of armour.
You have claws for hands.
Your metabolism is lightning-fast.
You like to eat raw meat.
Your natural rate of healing is unusually fast.
You are covered in fur. (AC +1)
You have very tough skin. (AC +2)
You have a beak for a mouth.
You are surrounded by a mild repulsion field. (EV +2)
You are partially covered in icy blue scales. (AC +2)
You are partially covered in rugged brown scales. (AC +1, +3% HP)
You are robust. (+10% HP)
You evolve.


Message History

You scratch Aizul.
Aizul is heavily wounded.
You feel sick. You block Aizul's attack.
Unknown command.
You closely miss Aizul.
Aizul is heavily wounded.
Aizul casts a spell at you. The bolt of poison hits you!
You are more poisoned.
* * * LOW HITPOINT WARNING * * *
Aizul misses you.
Unknown command.
You can feel time thicken for a moment.
You feel somewhat less full.
You can no longer inflict damage on those overly hasty.
Cheibriados lowers the support of your attributes as your movement quickens.
You feel sick.
Aizul coils herself and waves her upper body at you.
The bolt of poison hits you!
You are more poisoned.
You die...

#.## #..###.....###
##.###..# #.....#
##.##.##.##.....#
##.#.####.####.##
##......##.# #.#
#........##.##.#
..........##.#.# .
.........####..#######....
................@.........
##.#####.#####.S######....
.#.# #.# #.#.# . #..# #.#
#.##.# ##.# #.##.# #.# .
.# #.#.####.# .. #
##.....###S. #.......# #..
##.....## ...


You could see Aizul.

Vanquished Creatures
  Bai Suzhen (Elf:3)
  A deep elf sorcerer (Elf:3)
  3 dancing weapons
  A centaur warrior (D:11)
  2 orc high priests
  4 deep elf knights
  An unseen horror (shapeshifter) (Elf:3)
  4 deep elf archers
  4 orc knights (Orc:2)
  16 deep elf magi
  3 orc sorcerers
  Grinder (D:6)
  2 trolls
  A hippogriff (D:10)
  4 wraiths
  A spriggan (shapeshifter) (Elf:2)
  A fire elemental (Elf:3)
  Grum (D:10)
  3 hungry ghosts
  7 wargs
  A black bear (D:10)
  38 orc warriors
  6 ogres
  2 wolves (D:10)
  12 centaurs
  3 bullfrogs
  An earth elemental (Elf:3)
  A scorpion (D:5)
  40 killer bees (D:11)
  3 crimson imps
  A bullfrog zombie (D:5)
  2 centaur zombies
  5 hounds
  A bullfrog skeleton (D:8)
  A gnoll shaman (D:5)
  16 orc priests
  A centaur skeleton (D:11)
  17 orc wizards
  2 worker ants
  2 hound skeletons
  A worker ant zombie (D:8)
  4 adders
  7 gnolls
  3 leopard geckos
  70 orcs
  2 giant cockroaches
  4 quokkas
  A ball python zombie (D:5)
  A leopard gecko zombie (D:6)
  2 quokka skeletons (D:6)
  3 rats
314 creatures vanquished.

Vanquished Creatures (others)
  A deep elf knight (Elf:3)
  A wyvern skeleton (D:11)
  2 killer bees (D:11)
  A worker ant (D:11)
  2 orcs
7 creatures vanquished.

Grand Total: 321 creatures vanquished

Notes
Turn   | Place    | Note
-------+----------+-------------------------------------------
     0 | D:1      | 4thArraOfDagon the Troll Monk began the quest for the Orb.
     0 | D:1      | Reached XP level 1. HP: 22/22 MP: 0/0
    60 | D:2      | You fall through a shaft!
   183 | D:4      | Noticed a hound
   201 | D:4      | Killed a hound
   201 | D:4      | Reached skill level 4 in Unarmed Combat
   201 | D:4      | Reached XP level 2. HP: 25/29 MP: 1/1
   201 | D:4      | Reached XP level 3. HP: 31/36 MP: 2/2
   260 | D:4      | Found Plog's Antique Armour Shop.
   295 | D:4      | Found Osachat's Food Boutique.
   380 | D:5      | Entered Level 5 of the Dungeon
   404 | D:4      | Reached skill level 5 in Unarmed Combat
   404 | D:4      | Reached XP level 4. HP: 36/44 MP: 3/3
   440 | D:4      | Reached XP level 5. HP: 50/50 MP: 4/4
   524 | D:4      | Found Ziffurud's Food Shop.
   550 | D:5      | Reached skill level 6 in Unarmed Combat
   664 | D:5      | Noticed an ogre
   671 | D:5      | Killed an ogre
   671 | D:5      | Reached skill level 7 in Unarmed Combat
   671 | D:5      | Reached XP level 6. HP: 48/59 MP: 5/5
   720 | D:7      | Noticed Prince Ribbit
   766 | D:7      | You fall through a shaft for 2 floors!
   875 | D:8      | Gained mutation: You are robust. (+10% HP) [potion of mutation]
   875 | D:8      | Gained mutation: You are partially covered in icy blue scales. (AC +2) [potion of mutation]
   875 | D:8      | Gained mutation: You are surrounded by a mild repulsion field. (EV +2) [potion of mutation]
   886 | D:8      | Learned a level 2 spell: Blink
   892 | D:8      | Learned a level 2 spell: Repel Missiles
   940 | D:8      | Reached skill level 8 in Unarmed Combat
   940 | D:8      | Reached XP level 7. HP: 68/72 MP: 6/6
   977 | D:8      | Noticed a hungry ghost
   990 | D:8      | Killed a hungry ghost
   992 | D:8      | Noticed a hungry ghost
  1002 | D:8      | Killed a hungry ghost
  1002 | D:8      | Reached skill level 9 in Unarmed Combat
  1176 | D:7      | Found Caontuv's Book Boutique.
  1199 | D:7      | Reached XP level 8. HP: 81/81 MP: 7/7
  1230 | D:6      | Found Koahuir's Food Boutique.
  1317 | D:6      | Reached skill level 10 in Unarmed Combat
  1344 | D:6      | Noticed Grinder
  1350 | D:6      | Killed Grinder
  1365 | D:6      | Gained mutation: You are partially covered in rugged brown scales. (AC +1, +3% HP) [potion of mutation]
  1365 | D:6      | Gained mutation: You evolve. [potion of mutation]
  1365 | D:6      | Gained mutation: You have a beak for a mouth. [potion of mutation]
  1434 | D:4      | Bought a runed cloak for 99 gold pieces
  1434 | D:4      | Bought a runed robe for 15 gold pieces
  1517 | D:5      | Reached skill level 11 in Unarmed Combat
  1724 | D:5      | Found a staircase to the Ecumenical Temple.
  1732 | Temple   | Entered the Ecumenical Temple
  1767 | Temple   | Became a worshipper of Cheibriados the Contemplative
  1767 | Temple   | Reached * piety under Cheibriados
  1767 | Temple   | Reached ** piety under Cheibriados
  1822 | D:5      | Found a bloodstained altar of Trog.
  2012 | D:10     | Entered Level 10 of the Dungeon
  2036 | D:9      | Reached skill level 1 in Invocations
  2089 | D:10     | Found Xor Zuel's Food Shop.
  2147 | D:10     | Reached XP level 9. HP: 47/90 MP: 7/9
  2194 | D:10     | Noticed Grum
  2203 | D:10     | Killed Grum
  2223 | D:10     | Noticed a freezing wraith
  2224 | D:10     | Noticed a freezing wraith
  2297 | D:11     | Reached *** piety under Cheibriados
  2334 | D:11     | Reached skill level 12 in Unarmed Combat
  2449 | D:11     | Noticed a four-headed hydra
  2453 | D:11     | Reached **** piety under Cheibriados
  2475 | D:11     | Reached XP level 10. HP: 44/106 MP: 11/11
  2575 | D:11     | Noticed a manticore
  2618 | D:11     | Noticed a centaur warrior
  2629 | D:11     | Killed a centaur warrior
  2640 | D:11     | Noticed Josephine
  2640 | D:11     | Reached skill level 5 in Fighting
  2641 | D:11     | Noticed kae's ghost (journeyman FoFi)
  2641 | D:11     | Reached skill level 13 in Unarmed Combat
  2733 | D:10     | Reached skill level 5 in Dodging
  2813 | D:10     | Reached skill level 5 in Invocations
  2868 | D:9      | Found Xeewenyc's Gadget Shoppe.
  2959 | D:10     | Found a staircase to the Orcish Mines.
  2963 | D:10     | Reached ***** piety under Cheibriados
  2990 | Orc:1    | Entered Level 1 of the Orcish Mines
  2990 | Orc:1    | Noticed an orc high priest
  2999 | Orc:1    | Killed an orc high priest
  3010 | Orc:1    | Reached XP level 11. HP: 80/117 MP: 12/14
  3160 | Orc:1    | Noticed an orc warlord
  3203 | Orc:1    | Found Caduroerph's Antique Weapon Emporium.
  3434 | Orc:2    | Entered Level 2 of the Orcish Mines
  3503 | Orc:2    | Found a roughly hewn altar of Beogh.
  3534 | Orc:2    | Found a staircase to the Elven Halls.
  3540 | Orc:2    | Noticed an orc sorcerer
  3542 | Orc:2    | Noticed an orc knight
  3547 | Orc:2    | Killed an orc sorcerer
  3555 | Orc:2    | Killed an orc knight
  3579 | Orc:1    | Noticed an orc sorcerer
  3642 | Orc:1    | Killed an orc sorcerer
  3713 | Orc:2    | Noticed an orc high priest
  3719 | Orc:2    | Killed an orc high priest
  3722 | Orc:2    | Reached skill level 14 in Unarmed Combat
  3817 | Orc:1    | Noticed an orc sorcerer
  3821 | Orc:1    | Killed an orc sorcerer
  3973 | Orc:2    | Noticed an orc knight
  3979 | Orc:2    | Killed an orc knight
  4074 | Orc:2    | Reached XP level 12. HP: 103/129 MP: 16/16
  4121 | Orc:2    | Found Caavvulol's Distillery.
  4121 | Orc:2    | Found Reigoaha's Book Boutique.
  4123 | Orc:2    | Found Equ Wupn's Antique Weapon Shop.
  4125 | Orc:2    | Found Yxzel's Armour Shoppe.
  4265 | Orc:2    | Bought a +2 large shield of cold resistance for 279 gold pieces
  4267 | Orc:2    | Bought a potion of curing for 48 gold pieces
  4267 | Orc:2    | Bought a potion of curing for 48 gold pieces
  4267 | Orc:2    | Bought a potion of curing for 48 gold pieces
  4267 | Orc:2    | Bought a potion of curing for 48 gold pieces
  4267 | Orc:2    | Bought a potion of lignification for 48 gold pieces
  4267 | Orc:2    | Bought a potion of might for 64 gold pieces
  4267 | Orc:2    | Bought a potion of agility for 64 gold pieces
  4267 | Orc:2    | Bought a potion of ambrosia for 128 gold pieces
  4316 | Elf:1    | Entered Level 1 of the Elven Halls
  4381 | Elf:1    | Reached skill level 1 in Shields
  4519 | Elf:1    | Reached skill level 15 in Unarmed Combat
  4698 | Elf:3    | Entered Level 3 of the Elven Halls
  4732 | Elf:3    | Reached skill level 5 in Shields
  4873 | Elf:3    | Noticed Bai Suzhen
  4876 | Elf:3    | Reached XP level 13. HP: 125/140 MP: 18/18
  4887 | Elf:3    | Killed Bai Suzhen
  4908 | Elf:3    | Noticed a deep elf sorcerer
  4915 | Elf:3    | Cast into level 2 of the Abyss (a deep elf sorcerer)
  4984 | Elf:3    | Escaped the Abyss
  4994 | Elf:3    | Killed a deep elf sorcerer
  5121 | Elf:3    | Noticed Aizul
  5141 | Elf:3    | Killed from afar by Aizul

Vault maps used:
D:1:      lightli_arrival_windingriver
D:2:      minmay_tetromino_s4, uniq_crazy_yiuf_cottage
D:3:      first_bread, lemuel_flame_loot_1
D:4:      kb_forest_paths, serial_shops, shop,
          nicolae_shop_competitors_out_of_business, shop, shop, uniq_robin
D:5:      basic_altar, serial_curves, eino_curves_02, eino_curves_04,
          eino_curves_01
D:6:      serial_shops, shop, gup_sewer_entry_spiral, uniq_grinder, uniq_edmund
D:7:      serial_shops, shop, grunt_livestock, uniq_prince_ribbit1
D:9:      serial_shops, shop, basic_altar, kennysheep_path_1, uniq_erolcha
D:10:     erik_lair_orcish_takeover, hiddenorc1_lemuel, serial_shops,
          shop_statue, uniq_grum
D:11:     wad_woods_minihive, uniq_josephine
Temple:   kilobyte_greek_temple
Orc:1:    serial_shops, nicolae_shop_overgrown_old_shop, nicolae_orc_lava_room
Orc:2:    st_orc_rangers, minmay_orc_temple_a
Elf:1:    hangedman_elf_represent, st_stairs_9, uniq_kirke
Elf:3:    elf_hall_gauntlet_wide, grunt_ministairs_6, minivault_24, uniq_aizul,
          uniq_louise, uniq_jorgrun, uniq_bai_suzhen
Abyss:2:  abyss_greek_temple

Skill      XL: |  1  2  3  4  5  6  7  8  9 10 11 12 13 |
---------------+----------------------------------------+-----
Unarmed Combat | 4 5 7 8 9 11 12 13 14 15 | 15.0
Invocations    | 1 3 5 6 8 |  8.3
Dodging        | 3 4 5 6 7 |  7.0
Fighting       | 4 5 6 7 |  7.1
Shields        | 6 8 |  8.6
Stealth        | |  1.1

Action                   |  1- 3 |  4- 6 |  7- 9 | 10-12 | 13-15 || total
-------------------------+-------+-------+-------+-------+-------++-------
Melee: Unarmed           |    24 |    62 |   240 |   468 |    39 ||   833
       Punch             |       |     2 |    14 |    34 |       ||    50
       Peck              |       |       |    19 |   146 |     4 ||   169
Invok: Slouch            |       |       |       |     9 |     1 ||    10
       Temporal Distorti |       |       |       |     8 |     1 ||     9
       Bend Time         |       |       |       |     4 |       ||     4
Evoke: Wand              |       |       |    15 |     7 |    11 ||    33
  Use: Scroll            |       |     4 |     9 |     4 |     1 ||    18
       Potion            |       |     1 |     2 |     4 |     3 ||    10
 Stab: Distracted        |       |       |     1 |       |       ||     1
       Sleeping          |       |       |     1 |       |       ||     1
       Invisible         |       |       |       |     1 |       ||     1
  Eat: Chunk             |       |    13 |    15 |    21 |     2 ||    51
       Meat ration       |       |       |     1 |       |       ||     1
Armor: Robe              |    16 |    17 |    76 |   116 |     2 ||   227
       Skin              |       |       |       |       |    12 ||    12
Dodge: Dodged            |    22 |    31 |   212 |   413 |     5 ||   683
Block: Large shield      |       |       |       |    67 |    40 ||   107
